 Dungeon Crawl Stone Soup version 0.31-a0-1499-ge0622b2318 (webtiles) character file.

Game seed: 8531571939162378485

606 jasper the Changeling (level 7, 0/48 HPs)
             Began as a Demonspawn Shapeshifter on Dec 29, 2023.
             Was an Initiate of Okawaru.
             Slain by a gnoll sergeant
             ... wielding a +0 spear
              (4 damage)
             ... on level 5 of the Dungeon.
             The game lasted 00:05:39 (3883 turns).

jasper the Changeling (Demonspawn Shapeshifter)     Turns: 3883, Time: 00:05:40

Health: 0/48       AC:  6    Str: 16    XL:     7   Next: 19%
Magic:  7/7        EV:  9    Int: 11    God:    Okawaru [......]
Gold:   275        SH:  0    Dex: 12    Spells: 6/6 levels left

rFire   . .          .
                       - Unarmed
rCold   . . .        (no shield)
rNeg    . . .        s - +0 scale mail
rPois   .            (no helmet)
rElec   .            (no cloak)
rCorr   .            (no gloves)
SInv    .            (no boots)
Will    .....        (no amulet) Stlth
                     (no ring)
HPRegen 0.28/turn    (no ring)
MPRegen 0.10/turn

%: no passive effects
@: no status effects
A: claws 1, hooves 2, foul stench 1, weakness stinger 1
a: Renounce Religion


You were on level 5 of the Dungeon.
You worshipped Okawaru.
Okawaru was noncommittal.
You visited 1 branch of the dungeon, and saw 5 of its levels.

You collected 275 gold pieces.

Inventory:

Missiles
 h - 3 atropa-tipped darts
 k - 23 stones (quivered)
 r - a poisoned dart
Armour
 a - a +1 animal skin
 b - a +0 chain mail
 s - a +0 scale mail (worn)
Talismans
 c - a beast talisman
 d - a flux talisman
 p - a storm talisman
Scrolls
 i - 3 scrolls of teleportation
 o - a scroll of revelation
 t - a scroll of poison {unknown}
 u - a scroll of enchant armour
 x - a scroll of identify
Potions
 f - 4 potions of heal wounds
 g - a potion of ambrosia {unknown}
 j - 3 potions of brilliance {unknown}
 l - 3 potions of invisibility {unknown}
 m - a potion of curing {unknown}
 n - a potion of enlightenment {unknown}
 q - a potion of degeneration {unknown}
 v - a potion of might {unknown}
 w - a potion of lignification


   Skills:
 + Level 1.0 Fighting
 + Level 1.8 Dodging
 + Level 2.7 Unarmed Combat
 * Level 7.1 Shapeshifting


You had 6 spell levels left.
You didn't know any spells.
Your spell library contained the following spells:

 Spells                   Type           Power      Damage    Failure   Level
 Sandblast                Erth           0%         2d4       80%         1
 Mercury Vapours          Alch/Air       0%         N/A       90%         2
 Dazzling Flash           Conj/Hex       0%         N/A       99%         3
 Mephitic Cloud           Conj/Alch/Air  0%         N/A       99%         3
 Vampiric Draining        Necr           0%         2d6       99%         3
 Volatile Blastmotes      Fire/Tloc      0%         2d10      99%         3
 Anguish                  Hex/Necr       0%         N/A       100%        4
 Freezing Cloud           Conj/Ice/Air   0%         6-21      100%        5
 Starburst                Conj/Fire      0%         6d3       100%        6
 Maxwell's Capacitive Co  Air            0%         ∞         100%        8


Dungeon Overview and Level Annotations

Branches:
Dungeon (5/15)
 Temple: D:4-7

Altars:
Okawaru


Innate Abilities, Weirdness & Mutations

You have sharp fingernails.
You have hoof-like feet.
You may rarely emit foul miasma when damaged in melee.
You have a small tail.


Message History

* * * LOW HITPOINT WARNING * * *
You take 2 damage, and have 13/48 hp.
The gnoll sergeant closely misses you.
There is a stone staircase leading up, spattered with blood here.
Okay, then.
Throw: 2 javelins
Press: ? - help, Shift-Dir - straight line, f - gnoll sergeant
Aim: a gnoll sergeant, wielding a +0 spear, wearing a +0 scale mail and wearing a +0 kite shield (severely wounded, 65% to hit)
You throw a javelin.
The javelin closely misses the gnoll sergeant.
The gnoll sergeant hits you but does no damage.
Throw: javelin
Press: ? - help, Shift-Dir - straight line, f/p - gnoll sergeant
Aim: a gnoll sergeant, wielding a +0 spear, wearing a +0 scale mail and wearing a +0 kite shield (severely wounded, 65% to hit)
You throw a javelin.
The javelin closely misses the gnoll sergeant.
The gnoll sergeant hits you but does no damage.
The gnoll sergeant barely misses you.
Throw: 3 darts (poison)
Press: ? - help, Shift-Dir - straight line, f/p - gnoll sergeant
Aim: a gnoll sergeant, wielding a +0 spear, wearing a +0 scale mail and wearing a +0 kite shield (severely wounded, 65% to hit)
You throw a poisoned dart.
The poisoned dart hits the gnoll sergeant.
The gnoll sergeant is poisoned.
The gnoll sergeant is severely wounded.
The gnoll sergeant hits you from afar with a +0 spear!
* * * LOW HITPOINT WARNING * * *
You take 6 damage, and have 8/48 hp.
Throw: 2 darts (poison)
Press: ? - help, Shift-Dir - straight line, f/p - gnoll sergeant
Aim: a gnoll sergeant, wielding a +0 spear, wearing a +0 scale mail and wearing a +0 kite shield (severely wounded, poisoned, 65% to hit)
You throw a poisoned dart.
The poisoned dart hits the gnoll sergeant.
The gnoll sergeant looks even sicker.
The gnoll sergeant is severely wounded.
The gnoll sergeant hits you from afar with a +0 spear.
* * * LOW HITPOINT WARNING * * *
You take 4 damage, and have 4/48 hp.
The gnoll sergeant hits you from afar with a +0 spear.
You die...

######### #.......#
###.......#
..#.......##
...........#
#.#.!.....# ......
#.#.......#
......#######.#.@.....#
............#.#.......#
....PPPPPPP.#gg###..###
##...........#g.....#
....P.PPP.P.........#
....P.....P.##......#
.†..P.._..g)##......#
....P......g######...#
...†P.PPP?..# .≈≈.


You could see a gnoll sergeant (very poisoned) and 2 gnolls.

Vanquished Creatures
  Grinder (D:3)
  A scorpion (D:4)
  A hound (D:5)
  An orc wizard (D:4)
  Natasha (twice) (D:2)
  2 iguanas (D:4)
  2 gnolls
  7 adders
  2 ribbon worms (D:2)
  A white imp (D:3)
  2 dart slugs
  7 orcs
  8 endoplasms
  3 giant cockroaches
  5 hobgoblins
  3 jackals (D:1)
  7 kobolds
  A quokka (D:1)
  6 ball pythons
  5 bats
  5 frilled lizards
  2 goblins (D:2)
  4 rats
78 creatures vanquished.

Notes
Turn   | Place    | Note
-------+----------+-------------------------------------------
     0 | D:1      | jasper the Demonspawn Shapeshifter began the quest for the
                  | Orb.
     0 | D:1      | Reached XP level 1. HP: 15/15 MP: 1/1
    72 | D:1      | Reached skill level 3 in Shapeshifting
    77 | D:1      | Discovered your monstrous ancestry.
    77 | D:1      | Gained mutation: You have sharp fingernails. [demonic
                  | ancestry]
    77 | D:1      | Reached XP level 2. HP: 14/21 MP: 2/2
   986 | D:2      | Gained mutation: You have a small tail. [demonic ancestry]
   986 | D:2      | Reached XP level 3. HP: 26/26 MP: 3/3
  1119 | D:2      | Reached skill level 4 in Shapeshifting
  1163 | D:2      | Got the Book of Tectonic Death
  1359 | D:2      | Gained mutation: You have large cloven feet. [demonic
                  | ancestry]
  1359 | D:2      | Reached XP level 4. HP: 29/32 MP: 4/4
  1551 | D:2      | Noticed Natasha
  1561 | D:2      | Killed Natasha
  1755 | D:2      | Noticed Natasha
  1762 | D:2      | Killed Natasha
  1938 | D:3      | Gained mutation: You have hoof-like feet. [demonic
                  | ancestry]
  1938 | D:3      | Reached XP level 5. HP: 37/37 MP: 5/5
  1983 | D:3      | Reached skill level 5 in Shapeshifting
  2243 | D:3      | Noticed Grinder
  2252 | D:3      | Killed Grinder
  2253 | D:3      | Reached skill level 6 in Shapeshifting
  2253 | D:3      | Gained mutation: You may rarely emit foul miasma when
                  | damaged in melee. [demonic ancestry]
  2253 | D:3      | Reached XP level 6. HP: 43/43 MP: 6/6
  2257 | D:3      | Identified the +6 flail of Disgust {holy, Int+9}
  3062 | D:4      | Reached XP level 7. HP: 26/48 MP: 7/7
  3617 | D:5      | Entered Level 5 of the Dungeon
  3665 | D:5      | Found an iron altar of Okawaru.
  3685 | D:5      | Became a worshipper of Warmaster Okawaru
  3756 | D:5      | Reached skill level 7 in Shapeshifting
  3883 | D:5      | Slain by a gnoll sergeant

Illustrated notes

Levels and vault maps discovered:
D:1:      lightli_arrival_farm, layout_loops_ring, minmay_misc_feat_ornament,
          minivault_23, hex_medium, dreamdust_princess_bridge
D:2:      layout_loops_ring, uniq_natasha
D:3:      layout_rooms, hex_tiny, kennysheep_nub, uniq_crazy_yiuf_cottage,
          uniq_grinder
D:4:      layout_cave_pods, grunt_ministairs_15
D:5:      layout_rooms, mainiacjoe_overflow_cross_hatched,
          minmay_temple_entry_stoned_glass, nicolae_shop_self_help

Skill      XL: |  1  2  3  4  5  6  7 |
---------------+----------------------+-----
Shapeshifting  | 3 4 6 7 |  7.1
Fighting       | |  1.0
Dodging        | |  1.8
Unarmed Combat | |  2.7

Action                     |  1- 3 |  4- 6 |  7- 9 || total
---------------------------+-------+-------+-------++-------
  Melee: Unarmed           |    89 |    87 |    38 ||   214
         Punch             |     2 |     2 |       ||     4
         Tailslap          |     4 |    12 |     7 ||    23
         Kick              |       |    19 |     6 ||    25
  Throw: Javelin           |       |     2 |     2 ||     4
         Stone             |       |     1 |       ||     1
         Dart              |       |       |     2 ||     2
    Use: Potion            |     1 |       |       ||     1
         Scroll            |     1 |     7 |       ||     8
   Stab: Sleeping          |     3 |       |       ||     3
 Armour: Skin              |     6 |       |     2 ||     8
         Animal skin       |    34 |    31 |       ||    65
         Chain mail        |       |     8 |       ||     8
         Scale mail        |       |     6 |    36 ||    42
  Dodge: Dodged            |    45 |    31 |    16 ||    92
         Form:             |       |       |     1 ||     1
         Flux              |       |       |     1 ||     1

Table legend: (Time is in decaauts)
 A = Elapsed time spent in this place.
 B = Non-inter-level travel time spent in this place.
 C = Inter-level travel time spent in this place.
 D = Time resting spent in this place.
 E = Time spent auto-exploring this place.
 F = Levels seen in this place.
 G = Mean time per level.
                   A        B        C        D        E       F      G
               +--------+--------+--------+--------+--------+-----+--------+
         Total |   3899 |   3695 |    204 |    155 |   2864 |   5 |  779.8 |
       Dungeon |   3899 |   3695 |    204 |    155 |   2864 |   5 |  779.8 |
               +--------+--------+--------+--------+--------+-----+--------+

Top non-repeatable levels by time:
     D:4: 1111 daAuts
     D:2: 1041 daAuts
     D:1: 937 daAuts
     D:3: 638 daAuts
     D:5: 170 daAuts
